 Dungeon Crawl Stone Soup version 0.26-a0-158-g66bac3cce0 (webtiles) character file.

Game seed: 14320719002370768331

5 Esekla the Skirmisher (level 1, -1/18 HPs)
             Began as a Formicid Abyssal Knight on July 3, 2020.
             Was a Follower of Lugonu.
             Slain by an ooze (3 damage)
             ... on level 2 of the Dungeon.
             The game lasted 00:06:49 (394 turns).

Esekla the Skirmisher (Formicid Abyssal Knight)      Turns: 394, Time: 00:06:50

Health: -1/18      AC:  3    Str: 16    XL:     1   Next: 88%
Magic:  2/2        EV: 11    Int: 11    God:    Lugonu [*.....]
Gold:   63         SH:  0    Dex: 10    Spells: 0/0 levels left

rFire    . . .     SeeInvis +   h - +0 falchion "Holom" {flame, rElec rPois}
rCold    . . .     Faith    .   (no shield)
rNeg     . . .     Spirit   .   b - +0 leather armour
rPois    +         Reflect  .   (helmet unavailable)
rElec    +         Harm     .   (no cloak)
rCorr    .                      (no gloves)
MR       .....                  (no boots)
Stlth    +.........             (no amulet)
HPRegen  0.06/turn              (no ring)
MPRegen  0.08/turn              (no ring)

@: no status effects
A: permanent stasis, dig shafts and tunnels, four strong arms, antennae 3
a: Dig, Shaft Self, Depart the Abyss, Renounce Religion


You were on level 2 of the Dungeon.
You worshipped Lugonu.
Lugonu was aware of your devotion.
You were not hungry.

You visited 1 branch of the dungeon, and saw 2 of its levels.
You visited the Abyss 1 time.

You collected 63 gold pieces.

Inventory:

Hand Weapons
 a - a +1 falchion
 h - the +0 falchion "Holom" (weapon) {flame, rElec rPois}
   (You found it on level 2 of the Abyss)

   It has been specially enchanted to burn those struck by it, causing extra
   injury to most foes and up to half again as much damage against particularly
   susceptible opponents.
   Big, fiery blades are also staple armaments of hydra-hunters.
   It insulates you from electricity.
   It protects you from poison.
 k - a +0 great sword
Armour
 b - a +0 leather armour (worn)
Scrolls
 e - a scroll of amnesia {unknown}
 f - a scroll of identify {unknown}
 i - a scroll of immolation {unknown}
 j - 2 scrolls of remove curse {unknown}
 l - a scroll of enchant weapon {unknown}
Potions
 d - a potion of cancellation {unknown}
 g - a potion of haste {unknown}
Comestibles
 c - a ration


   Skills:
 * Level 3.5 Fighting
 + Level 2.1 Long Blades
 + Level 2.2 Armour
 + Level 0.8 Dodging
 + Level 2.1 Invocations


You couldn't memorise any spells.
You didn't know any spells.
Your spell library contained the following spells:

 Spells                   Type           Power        Failure   Level  Hunger
 Summon Butterflies       Summ           #.......     41%         1    ##.....
 Call Canine Familiar     Summ           #.......     78%         3    ####...
 Summon Ice Beast         Ice/Summ       #.......     99%         4    #####..
 Summon Mana Viper        Hex/Summ       #.......     100%        5    ######.
 Summon Hydra             Summ           #.........   100%        7    #######


Dungeon Overview and Level Annotations

Branches:
Dungeon (1/15)

Altars:


Innate Abilities, Weirdness & Mutations

You cannot be hasted, slowed, berserked, paralysed or teleported.
You can dig through walls and to a lower floor.
Your four strong arms can wield two-handed weapons with a shield.
You have a pair of large antennae on your head. (SInv)


Message History

A frilled lizard, an adder, a rat, an ooze and a dart slug come into view.
The ooze quivers.
The frilled lizard hisses angrily.
The dart slug launches a dart at you. The slug dart misses you.
The ooze hits you.
The +0 falchion "Holom" {flame, rElec rPois} bursts into flame!
h - the +0 falchion "Holom" (weapon)
{flame, rElec rPois} You hit the ooze.
You burn the ooze.
The ooze is heavily wounded.
The ooze hits you.
* * * LOW HITPOINT WARNING * * *
The ooze closely misses you.
You riposte.
You hit the ooze. You burn the ooze.
The ooze is almost dead.
Are you sure you want to shaft yourself?
You feel quite a bit more hungry. The ooze hits you.
* * * LOW HITPOINT WARNING * * *
You begin to dig a shaft.
You continue digging a shaft.
The ooze hits you.
You die...

...........#
#............# .
#.....)[.....# ..
#............# ...
...##....r.......##....
.........).w..l........
....... ####...........
.......#####......%....
.......@JSrwl..........
###....#####.....##+###
....... .........
####### #########.. .


You could see an ooze, an adder, a dart slug, a frilled lizard and a rat.

Vanquished Creatures
  A goblin (D:1)
  A hobgoblin (D:1)
  A kobold (D:1)
  2 rats (D:1)
5 creatures vanquished.

Notes
Turn   | Place    | Note
-------+----------+-------------------------------------------
     0 | Abyss:1  | Esekla the Formicid Abyssal Knight began the quest for the
                  | Orb.
     0 | Abyss:1  | Reached XP level 1. HP: 18/18 MP: 2/2
    51 | Abyss:1  | Noticed a storm dragon zombie
    69 | Abyss:2  | Got a slimy falchion
    75 | Abyss:2  | Identified the +0 falchion "Holom" {flame, rElec rPois}
                  | (You found it on level 2 of the Abyss)
    96 | Abyss:2  | Noticed a flayed ghost
   219 | Abyss:2  | Noticed an ancient zyme
   223 | D:1      | Escaped the Abyss
   382 | D:1      | You fall into a shaft and drop 1 floor!
   394 | D:2      | Slain by an ooze

Illustrated notes

Levels and vault maps discovered:
D:1:      lightli_arrival_boilingwater, layout_basic
D:2:      wad_river_or_something, layout_basic, minmay_snake_closets

Action                   || total
-------------------------++-------
Melee: Falchion          ||    17
 Abil: Shaft Self        ||     1
Armor: Leather armour    ||     2
Dodge: Dodged            ||     7
       Rpst.: Falchion   ||     1

Table legend:
 A = Non-vault XP
 B = Vault XP
 C = Vault XP percentage of total XP
 D = Non-vault monster count
 E = Vault monster count
 F = Vault count percentage of total count
                 A         B        C        D         E       F
            +---------+---------+-------+---------+---------+-------
      Total |       8 |       0 |   0.0 |       5 |       0 |   0.0
            +---------+---------+-------+---------+---------+-------
        D:1 |       8 |       0 |   0.0 |       5 |       0 |   0.0
            +---------+---------+-------+---------+---------+-------
